 Dungeon Crawl Stone Soup version 0.29.1-1-gd02db6906a (webtiles) character file.

Game seed: 7061121700776146305

415 Icepheonix32 the Chopper (level 6, 0/56 HPs)
             Began as a Minotaur Fighter on Oct 14, 2022.
             Slain by Crazy Yiuf
             ... wielding a +3 quarterstaff of chaos
              (14 damage)
             ... on level 3 of the Dungeon.
             The game lasted 00:05:20 (2915 turns).

Icepheonix32 the Chopper (Minotaur Fighter)         Turns: 2915, Time: 00:05:21

Health: 0/56       AC:  9    Str: 18 (20) XL:     6   Next: 60%
Magic:  5/5        EV:  9    Int:  5      God:
Gold:   173        SH:  4    Dex:  9 (12) Spells: 5/5 levels left

rFire   . . .      SeeInvis .   a - +0 war axe
rCold   . . .      Faith    .   c - +0 buckler
rNeg    . . .      Spirit   .   b - +0 scale mail
rPois   .          Reflect  .   (helmet restricted)
rElec   .          Harm     .   (no cloak)
rCorr   .          Rampage  .   g - +0 pair of gloves
Will    .....                   o - +0 pair of boots
Stlth   ..........              (no amulet)
HPRegen 0.18/turn               (no ring)
MPRegen 0.09/turn               (no ring)

@: studying Axes
A: horns 2, retaliatory headbutt
a: no special abilities


You were on level 3 of the Dungeon.
You visited 1 branch of the dungeon, and saw 3 of its levels.

You collected 173 gold pieces.

Inventory:

Hand Weapons
 a - a +0 war axe (weapon)
 h - a +0 spear
 i - a +0 short sword of holy wrath
 j - a +1 dagger of electrocution
Missiles
 m - 2 boomerangs of dispersal (quivered)
 r - 5 poisoned darts
Armour
 b - a +0 scale mail (worn)
 c - a +0 buckler (worn)
 g - a +0 pair of gloves (worn)
 l - a +0 tower shield
 o - a +0 pair of boots (worn)
Scrolls
 f - a scroll of blinking
 p - a scroll of torment {unknown}
 t - a scroll of amnesia {unknown}
 u - a scroll of poison {unknown}
Potions
 d - a potion of might
 e - 2 potions of cancellation {unknown}
 k - a potion of brilliance {unknown}
 n - a potion of degeneration
 q - a potion of magic {unknown}
 s - a potion of curing {unknown}


   Skills:
 - Level 5.0 Fighting
 + Level 7.4 Axes
 - Level 5.2 Armour
 - Level 0.1 Dodging
 - Level 4.6 Shields


You had 5 spell levels left.
You didn't know any spells.
Your spell library was empty.

Dungeon Overview and Level Annotations

Branches:
Dungeon (3/15)

Altars:
Dithmenos

Annotations:
D:3 Crazy Yiuf


Innate Abilities, Weirdness & Mutations

You have a pair of horns on your head.
You reflexively headbutt those who attack you in melee.


Message History

Natasha casts a spell at you. The magic dart hits you!
You are too injured to fight recklessly!
You are too injured to fight recklessly!
You are too injured to fight recklessly!
You are too injured to fight recklessly!
You are too injured to fight recklessly!
You are too injured to fight recklessly!
You are too injured to fight recklessly!
You are too injured to fight recklessly!
You are too injured to fight recklessly!
Unknown command.
You hit Natasha.
You kill Natasha!
You feel Natasha's spirit has finally been put to rest.
You feel your strength returning.
Unknown command.
You feel yourself speed up.
You see here a +0 spear.
There is a stone staircase leading down here.
Crazy Yiuf shouts!
You open the door. You hit Crazy Yiuf. You headbutt Crazy Yiuf.
Crazy Yiuf is heavily wounded.
Crazy Yiuf hits you with a +3 quarterstaff of chaos.
Crazy Yiuf draws strength from your wounds!
You hit Crazy Yiuf but do no damage.
Crazy Yiuf is moderately wounded.
Crazy Yiuf hits you with a +3 quarterstaff of chaos!
You are electrocuted!!
You hit Crazy Yiuf but do no damage. You headbutt Crazy Yiuf.
Crazy Yiuf is severely wounded.
Crazy Yiuf sings, "Trees, trees, trees, circus!"
Crazy Yiuf barely misses you.
Crazy Yiuf hits you with a +3 quarterstaff of chaos.
* * * LOW HITPOINT WARNING * * *
You hit Crazy Yiuf but do no damage.
Crazy Yiuf is severely wounded.
Crazy Yiuf hits you with a +3 quarterstaff of chaos!
You die...

.......###.#
##..###
#..'.)
#######'†..#
#....#
#..###
.#..#.####.#
♣....♣ ####
....#.# #.#
♣...♣♣
########
.#.##.######
♣♣.♣♣
#......#####
##.##)##...#
♣.♣♣
#......)....
##.##.##.###
♣♣.♣
######.#####
..........##
♣.♣♣ #.#
##.######..#
♣♣@♣ #.# #.#
#### #g# #.#
# #.# ...
#.# #
#.#########
#...#
#####.#####
#.........#
#..)#
#..........
###########
#####
#<####.####
#.# #.####
########.#
#.....
#........#
######


You could see Crazy Yiuf.

Vanquished Creatures
  Sigmund (D:2)
  Natasha (thrice) (D:3)
  2 adders (D:2)
  7 gnolls
  2 worms (D:2)
  3 dart slugs
  4 orcs (D:3)
  5 bats
  3 endoplasms
  6 giant cockroaches
  7 hobgoblins
  3 jackals (D:1)
  8 kobolds
  2 quokkas (D:1)
  8 ball pythons
  5 frilled lizards
  8 goblins
  9 rats
86 creatures vanquished.

Vanquished Creatures (others)
  A plant (D:1)
1 creature vanquished.

Grand Total: 87 creatures vanquished

Notes
Turn   | Place    | Note
-------+----------+-------------------------------------------
     0 | D:1      | Icepheonix32 the Minotaur Fighter began the quest for the
                  | Orb.
     0 | D:1      | Reached XP level 1. HP: 19/19 MP: 0/0
    93 | D:1      | Found a faded altar of an unknown god.
   209 | D:1      | Reached XP level 2. HP: 27/27 MP: 1/1
   457 | D:1      | Reached XP level 3. HP: 33/33 MP: 2/2
   770 | D:2      | Noticed Sigmund
   779 | D:2      | Killed Sigmund
   780 | D:2      | Reached skill level 4 in Axes
   780 | D:2      | Reached skill level 5 in Armour
   780 | D:2      | Reached XP level 4. HP: 25/41 MP: 3/3
   780 | D:2      | Reached XP level 5. HP: 28/47 MP: 4/4
   951 | D:2      | Reached skill level 5 in Fighting
  1220 | D:2      | Identified a scroll of acquirement
  1220 | D:2      | Acquired a manual of Axes
  1294 | D:2      | Reached XP level 6. HP: 56/56 MP: 5/5
  1297 | D:2      | Reached skill level 5 in Axes
  1761 | D:3      | Found a shadowy altar of Dithmenos.
  1816 | D:3      | Reached skill level 6 in Axes
  2333 | D:3      | Noticed Natasha
  2344 | D:3      | Killed Natasha
  2403 | D:3      | Found a runed translucent door.
  2404 | D:3      | Noticed Crazy Yiuf
  2455 | D:3      | Noticed Natasha
  2461 | D:3      | Killed Natasha
  2462 | D:3      | Reached skill level 7 in Axes
  2651 | D:3      | Noticed Natasha
  2665 | D:3      | Killed Natasha
  2915 | D:3      | Slain by Crazy Yiuf

Illustrated notes

Levels and vault maps discovered:
D:1:      lightli_arrival_noodles, layout_loops_ring,
          shapermc_ecumenical_altar_acropolis
D:2:      minmay_alternating_diamond, layout_rooms, uniq_sigmund
D:3:      minmay_chambers_of_twos, layout_loops_ring,
          mainiacjoe_overflow_concentric_impassable, kennysheep_pointless_box,
          uniq_natasha, uniq_crazy_yiuf_cottage

Skill      XL: |  1  2  3  4  5  6 |
---------------+-------------------+-----
Armour         | 4 5 |  5.2
Fighting       | 4 5 |  5.0
Shields        | 4 |  4.6
Axes           | 4 7 |  7.4
Dodging        | |  0.1

Action                   |  1- 3 |  4- 6 || total
-------------------------+-------+-------++-------
Melee: War axe           |    46 |   138 ||   184
       Headbutt          |     9 |    19 ||    28
Throw: Boomerang         |       |     1 ||     1
  Use: Potion            |     2 |     3 ||     5
       Scroll            |     1 |     5 ||     6
Armor: Scale mail        |    26 |    52 ||    78
       Skin              |       |    10 ||    10
Dodge: Dodged            |    21 |    58 ||    79
Block: Buckler           |     7 |    40 ||    47
